 Dungeon Crawl Stone Soup version 0.31-a0-986-g5e6e4ef867 (webtiles) character file.

Game seed: 7922400257130620553

1037 p00ps00p the Chopper (level 8, 0/71 HPs)
             Began as a Hill Orc Fighter on Nov 9, 2023.
             Was an Initiate of Gozag.
             Succumbed to a scorpion's poison
             ... on level 5 of the Dungeon.
             The game lasted 00:07:46 (4054 turns).

p00ps00p the Chopper (Hill Orc Fighter)             Turns: 4054, Time: 00:07:46

Health: 0/71       AC: 13    Str: 18 (21) XL:     8   Next: 24%
Magic:  4/8        EV:  7    Int: 13 (14) God:    Gozag
Gold:   313        SH:  5    Dex:  9 (10) Spells: 7/7 levels left

rFire   . . .        a - +0 war axe
rCold   + . .        c - +0 buckler
rNeg    . . .        l - +2 chain mail {rC+}
rPois   +            (no helmet)
rElec   .            (no cloak)
rCorr   .            (no gloves)
SInv    .            q - +0 pair of boots
Will    .....        n - amulet of guardian spirit Stlth
                     e - +6 ring of intelligence
HPRegen 0.31/turn    f - ring of poison resistance
MPRegen 0.11/turn

%: guardian spirit
@: lethally poisoned (0 -> -4)
A: no striking features
a: Renounce Religion, Potion Petition, Call Merchant, Bribe Branch


You were on level 5 of the Dungeon.
You worshipped Gozag.
Gozag was aware of your devotion.
You visited 2 branches of the dungeon, and saw 6 of its levels.

You collected 371 gold pieces.
You paid 58 gold pieces to Gozag.

Inventory:

Hand Weapons
 a - a +0 war axe (weapon)
Armour
 b - a +0 scale mail
 c - a +0 buckler (worn)
 l - a +2 chain mail of cold resistance (worn)
 q - a +0 pair of boots (worn)
Jewellery
 e - a +6 ring of intelligence (left hand)
 f - a ring of poison resistance (right hand)
 n - an amulet of guardian spirit (around neck)
Wands
 r - a wand of polymorph (8)
Scrolls
 h - a scroll of immolation
 j - a scroll of enchant armour
 p - a scroll of identify
Potions
 g - 3 potions of mutation


   Skills:
 + Level 6.6 Fighting
 + Level 6.6 Axes
 + Level 6.0 Armour
 + Level 6.1 Shields


You had 7 spell levels left.
You didn't know any spells.
Your spell library contained the following spells:

 Spells                   Type           Power      Damage    Failure   Level
 Freeze                   Ice            0%         1d3       97%         1
 Sandblast                Erth           0%         2d4       97%         1
 Lesser Beckoning         Tloc           0%         N/A       99%         2
 Passwall                 Tmut/Erth      0%         N/A       99%         2
 Frozen Ramparts          Ice            0%         1d1       100%        3
 Gell's Gravitas          Tloc           0%         N/A       100%        3
 Hailstorm                Conj/Ice       0%         3d3       100%        3
 Stone Arrow              Conj/Erth      0%         3d7       100%        3
 Teleport Other           Tloc           0%         N/A       100%        3
 Brom's Barrelling Bould  Conj/Erth      0%         2d3       100%        4


Dungeon Overview and Level Annotations

Branches:
Dungeon (5/15)             Temple (1/1) D:4

Altars:
Ashenzari
Cheibriados
Dithmenos
Fedhas
Gozag
Kikubaaqudgha
Nemelex Xobeh
Okawaru
Sif Muna
Trog
Wu Jian
Xom
Yredelemnul
Zin
The Shining One

Annotations:
D:3 3 runed translucent doors, FakeRyeBread's ghost, weakling GrFi
D:4 Blork the orc


Message History

The scorpion is heavily wounded.
You slash the orc!
You kill the orc!
You feel sick.
The scorpion is distracted by your dazzling golden aura.
You hit the scorpion but do no damage.
The scorpion is no longer distracted by gold.
The scorpion is heavily wounded.
You feel sick. The scorpion stings you.
You barely miss the scorpion.
The scorpion is heavily wounded.
You feel sick. The scorpion barely misses you.
The orc is distracted by your dazzling golden aura.
The scorpion barely misses you.
You hit the scorpion.
The scorpion is severely wounded.
You feel sick.
You are no longer poisoned.
The scorpion stings you.
* * * LOW HITPOINT WARNING * * *
You are lethally poisoned!
The scorpion poisons you!
You closely miss the scorpion.
The scorpion is severely wounded.
* * * LOW HITPOINT WARNING * * *
You feel very sick. The scorpion barely misses you.
The scorpion stings you but does no damage.
Unknown command.
You barely miss the scorpion.
The scorpion is severely wounded.
* * * LOW HITPOINT WARNING * * *
You feel sick.
The scorpion stings you but does no damage.
Unknown command.
Okay, then.
You hit the scorpion but do no damage.
The scorpion is severely wounded.
You die...
Your body crumbles into a pile of gold.

. ##. ... #.#
###.######. #
..###..........
#............# #.
#...$..# ####..
#.@s...#
......####.$....#
........#.o^....#
#<..#.....#
##..##.####
#.$.......
...####.### #...
.# ##..


You could see a scorpion and an orc.

Vanquished Creatures
  Grinder (D:4)
  Sigmund (D:4)
  Eustachio (D:4)
  Menkaure (D:4)
  An ogre (D:4)
  2 jellies (D:4)
  A gnoll bouda (D:4)
  Ijyb (D:4)
  An orc wizard (D:4)
  9 gnolls
  7 adders
  A worm (D:3)
  2 dart slugs
  10 orcs
  4 bats
  7 endoplasms
  3 giant cockroaches
  7 goblins
  8 hobgoblins
  5 kobolds
  7 ball pythons
  3 frilled lizards
  6 rats
89 creatures vanquished.

Notes
Turn   | Place    | Note
-------+----------+-------------------------------------------
     0 | D:1      | p00ps00p the Hill Orc Fighter began the quest for the Orb.
     0 | D:1      | Reached XP level 1. HP: 19/19 MP: 1/1
   145 | D:1      | Reached XP level 2. HP: 27/27 MP: 2/2
   553 | D:1      | Reached XP level 3. HP: 33/33 MP: 3/3
   567 | D:1      | Found a faded altar of an unknown god.
  1272 | D:2      | Reached XP level 4. HP: 23/40 MP: 4/4
  1950 | D:3      | Reached XP level 5. HP: 26/47 MP: 5/5
  2028 | D:3      | Found a runed translucent gate.
  2028 | D:3      | Found a runed translucent gate.
  2028 | D:3      | Found a runed translucent gate.
  2030 | D:3      | Noticed FakeRyeBread's ghost (weakling GrFi)
  2032 | D:3      | Noticed a kobold brigand
  2304 | D:3      | Found a shimmering altar of Xom.
  2390 | D:3      | Found a glowing silver altar of Zin.
  2391 | D:3      | Found an opulent altar of Gozag.
  2406 | D:3      | Became a worshipper of Gozag Ym Sagoz the Greedy
  2699 | D:4      | Noticed Ijyb
  2711 | D:4      | Killed Ijyb
  2743 | D:4      | Reached skill level 5 in Fighting
  2743 | D:4      | Reached XP level 6. HP: 48/56 MP: 6/6
  2961 | D:4      | Noticed Grinder
  2987 | D:4      | Killed Grinder
  2988 | D:4      | Reached skill level 5 in Axes
  2988 | D:4      | Reached skill level 5 in Armour
  2988 | D:4      | Reached skill level 5 in Shields
  2988 | D:4      | Reached XP level 7. HP: 31/61 MP: 2/7
  3217 | D:4      | Noticed Eustachio
  3227 | D:4      | Noticed Menkaure
  3250 | D:4      | Killed Menkaure
  3252 | D:4      | Killed Eustachio
  3468 | D:4      | Found a staircase to the Ecumenical Temple.
  3519 | Temple   | Entered the Ecumenical Temple
  3610 | D:4      | Noticed Sigmund
  3619 | D:4      | Killed Sigmund
  3620 | D:4      | Reached XP level 8. HP: 71/71 MP: 8/8
  3966 | D:4      | Noticed Blork the orc
  3997 | D:5      | Entered Level 5 of the Dungeon
  4052 | D:5      | HP: 3/71 [poisoned by a scorpion]
  4054 | D:5      | Succumbed to a scorpion's poison

Illustrated notes

Levels and vault maps discovered:
D:1:      erik_arrival_cave_to_civilisation [erik_arrival_cave_to_hall],
          layout_loops_ring, shapermc_ecumenical_altar_mp_highgroup
D:2:      layout_basic, serial_bayou_pond_a
D:3:      layout_basic, grunt_temple_overflow_gold_and_silver,
          mainiacjoe_overflow_alcove_1, gammafunk_ghost_nasty_kobolds,
          hangedman_decor_lopped, amcnicky_mini_pool_small,
          nicolae_concentric_dashed_squares_wild
D:4:      layout_basic, minmay_temple_entry_trees, nicolae_alphabet_shops,
          uniq_blork_the_orc, uniq_eustachio, uniq_menkaure, uniq_sigmund,
          uniq_ijyb, uniq_grinder
D:5:      layout_rooms
Temple:   nicolae_temple_hex_pool

Skill      XL: |  1  2  3  4  5  6  7 |
---------------+----------------------+-----
Axes           | 3 4 5 6 |  6.6
Fighting       | 4 5 6 |  6.6
Armour         | 4 5 6 |  6.0
Shields        | 4 5 6 |  6.1

Action                     |  1- 3 |  4- 6 |  7- 9 || total
---------------------------+-------+-------+-------++-------
  Melee: War axe           |    81 |   106 |    67 ||   254
         Unarmed           |       |    14 |       ||    14
    Use: Scroll            |     4 |     5 |     1 ||    10
         Potion            |       |     3 |     7 ||    10
   Stab: Confused          |       |     1 |       ||     1
 Armour: Scale mail        |    14 |       |       ||    14
         Chain mail        |    48 |    84 |   102 ||   234
         Skin              |       |     8 |       ||     8
  Dodge: Dodged            |    36 |    44 |    50 ||   130
  Block: Buckler           |     9 |    19 |    25 ||    53

Table legend: (Time is in decaauts)
 A = Elapsed time spent in this place.
 B = Non-inter-level travel time spent in this place.
 C = Inter-level travel time spent in this place.
 D = Time resting spent in this place.
 E = Time spent auto-exploring this place.
 F = Levels seen in this place.
 G = Mean time per level.
                   A        B        C        D        E       F      G
               +--------+--------+--------+--------+--------+-----+--------+
         Total |   4100 |   3940 |    160 |    459 |   2687 |   6 |  683.3 |
       Dungeon |   4098 |   3940 |    158 |    459 |   2687 |   5 |  819.6 |
        Temple |      1 |      0 |      1 |      0 |      0 |   1 |    1.0 |
               +--------+--------+--------+--------+--------+-----+--------+

Top non-repeatable levels by time:
     D:4: 1360 daAuts
     D:1: 1044 daAuts
     D:2: 888 daAuts
     D:3: 745 daAuts
     D:5: 59 daAuts
  Temple: 1 daAuts
